 Dungeon Crawl Stone Soup version 0.29.1-12-g30fa7ad0bf (webtiles) character file.

Game seed: 10407900463366730093

427 MisterFreud the Twirler (level 7, -5/50 HPs)
             Began as a Formicid Gladiator on Dec 27, 2022.
             Slain by an ogre
             ... wielding a +0 giant club
              (23 damage)
             ... on level 6 of the Dungeon.
             The game lasted 00:04:33 (4779 turns).

MisterFreud the Twirler (Formicid Gladiator)        Turns: 4779, Time: 00:04:34

Health: -5/50      AC:  7    Str: 21    XL:     7   Next: 18%
Magic:  7/7        EV:  9    Int:  7    God:
Gold:   156        SH: 10    Dex: 15    Spells: 6/6 levels left

rFire   . . .      SeeInvis +   a - +1 quarterstaff
rCold   . . .      Faith    .   q - +1 kite shield
rNeg    . . .      Spirit   .   r - +0 scale mail
rPois   .          Reflect  .   (helmet unavailable)
rElec   .          Harm     .   (no cloak)
rCorr   .          Rampage  .   f - +0 pair of gloves
Will    .....                   (no boots)
Stlth   ..........              (no amulet)
HPRegen 0.16/turn               (no ring)
MPRegen 0.10/turn               (no ring)

@: no status effects
A: permanent stasis, dig shafts and tunnels, antennae 3, four strong arms
a: Dig, Shaft Self


You were on level 6 of the Dungeon.
You visited 1 branch of the dungeon, and saw 5 of its levels.

You collected 156 gold pieces.

Inventory:

Hand Weapons
 a - a +1 quarterstaff (weapon)
 b - a +4 sling of freezing
Missiles
 c - 3 throwing nets (quivered)
 d - a javelin
 h - 7 boomerangs
 n - a curare-tipped dart
 s - 11 poisoned darts
Armour
 f - a +0 pair of gloves (worn)
 l - a +0 leather armour
 q - a +1 kite shield (worn)
 r - a +0 scale mail (worn)
Wands
 o - a wand of flame (13)
Scrolls
 e - 3 scrolls of identify
 g - a scroll of summoning {unknown}
 m - 3 scrolls of immolation
Potions
 i - a potion of resistance
 j - a potion of curing
 k - 2 potions of brilliance
 p - a potion of might


   Skills:
 - Level 2.2 Fighting
 - Level 6.0 Staves
 + Level 2.3 Ranged Weapons
 - Level 2.0 Throwing
 - Level 2.7 Dodging
 + Level 4.5 Shields


You had 6 spell levels left.
You didn't know any spells.
Your spell library contained the following spells:

 Spells                   Type           Power      Damage    Failure   Level
 Apportation              Tloc           0%         N/A       97%         1
 Alistair's Intoxication  Tmut/Pois      0%         N/A       100%        5


Dungeon Overview and Level Annotations

Branches:
Dungeon (6/15)
 Temple: D:4-7

Altars:
Vehumet

Shops:
D:1 (

Annotations:
D:3 Ijyb


Innate Abilities, Weirdness & Mutations

You cannot be hasted, slowed, berserked, paralysed or teleported.
You can dig through walls and to a lower floor.
You have a pair of large antennae on your head. (SInv)
Your four strong arms can wield two-handed weapons with a shield.


Message History

You hit the black bear but do no damage.
The black bear is heavily wounded.
An adder comes into view.
The black bear bites you but does no damage.
The black bear barely misses you.
The black bear claws you but does no damage.
The adder hisses angrily.
You sock the black bear!
The black bear is almost dead.
You block the black bear's attack. The black bear barely misses you.
The black bear claws you but does no damage.
You closely miss the black bear.
The black bear is almost dead.
The black bear goes berserk!
You barely miss the black bear.
The black bear is almost dead.
The black bear bites you. You block the black bear's attack.
The black bear barely misses you. The black bear closely misses you. x2
The black bear claws you.
You thump the black bear!
You kill the black bear!
Your Ranged Weapons skill increases to level 2!
Your Shields skill increases to level 4!
You have reached level 7!
Unknown command.
Unknown command.
You sock the ogre!
The ogre is moderately wounded.
The ogre barely misses you.
You are too injured to fight recklessly!
You sock the ogre!
The ogre is severely wounded.
You block the ogre's attack.
You are too injured to fight recklessly!
You barely miss the ogre.
The ogre is severely wounded.
You barely miss the ogre.
The ogre is severely wounded.
The ogre hits you with a +0 giant club!!
You die...

.........#
........# ...
#.......# ..
#.......# ..
..###.......####.
.$'........... .
#.......# .# ...
#.......##.#.....
#......SO@.......
###......##..#.....
#...#######..# ...
##+###...# #..# .
#........# #.##
.........# #.#
.........##. ...
... .........##.
#.###### #.. #
............#
#......####.# ..


You could see an ogre and an adder.

Vanquished Creatures
  A black bear (D:6)
  A kobold brigand (D:6)
  An orc priest (D:3)
  2 orc wizards (D:3)
  2 adders
  8 gnolls
  2 dart slugs (D:3)
  6 orcs (D:3)
  2 endoplasms
  5 giant cockroaches
  16 goblins
  7 hobgoblins
  9 jackals
  A quokka (D:1)
  2 ball pythons
  7 bats
  5 frilled lizards
  14 kobolds
  4 rats
95 creatures vanquished.

Notes
Turn   | Place    | Note
-------+----------+-------------------------------------------
     0 | D:1      | MisterFreud the Formicid Gladiator began the quest for the
                  | Orb.
     0 | D:1      | Reached XP level 1. HP: 16/16 MP: 1/1
    81 | D:1      | Reached XP level 2. HP: 22/22 MP: 2/2
   531 | D:1      | Reached XP level 3. HP: 25/27 MP: 3/3
   545 | D:1      | Reached skill level 4 in Staves
   833 | D:1      | Found Cauwael's Antique Weapon Emporium.
  1501 | D:2      | You fall into a shaft and drop 1 floor!
  1820 | D:2      | Reached XP level 4. HP: 28/33 MP: 4/4
  2051 | D:2      | Reached skill level 5 in Staves
  2739 | D:3      | Reached XP level 5. HP: 32/38 MP: 5/5
  2752 | D:3      | Reached skill level 1 in Shields
  3214 | D:3      | Reached XP level 6. HP: 30/44 MP: 6/6
  3611 | D:3      | Identified a scroll of acquirement
  3611 | D:3      | Acquired a +4 sling of freezing
  3756 | D:3      | Noticed Ijyb
  3767 | D:3      | You fall into a shaft and drop 3 floors!
  3767 | D:6      | HP: 2/44 [poisoned by a goblin]
  4035 | D:6      | Reached skill level 1 in Ranged Weapons
  4103 | D:5      | Entered Level 5 of the Dungeon
  4103 | D:5      | Found a radiant altar of Vehumet.
  4112 | D:6      | Reached skill level 6 in Staves
  4122 | D:5      | Noticed a black bear
  4756 | D:6      | Noticed a black bear
  4756 | D:6      | Noticed an ogre
  4775 | D:6      | Killed a black bear
  4776 | D:6      | Reached XP level 7. HP: 17/50 MP: 7/7
  4779 | D:6      | Slain by an ogre

Illustrated notes

Levels and vault maps discovered:
D:1:      dpeg_arrival_round_a, layout_basic, serial_shops, shop,
          roderic_serpentine_path, minmay_pentomino_u2
D:2:      layout_rooms, minmay_misc_feat_room, nrook_loot_triangle
D:3:      kennysheep_goblin_castle, layout_basic, minmay_between
D:5:      gammafunk_cloud_chamber, layout_basic,
          lemuel_zombie_altar_kikubaaqudgha, lemuel_round_altar,
          mainiacjoe_overflow_concentric_impassable, overflow_temple_1_default,
          vehumet_altar_wand_db, kennysheep_generic_room_13
D:6:      layout_basic, serial_glass, glass_columns_a, glass_columns_c,
          grunt_potential

Skill      XL: |  1  2  3  4  5  6 |
---------------+-------------------+-----
Staves         | 4 5 6 |  6.0
Shields        | 2 4 |  4.5
Ranged Weapons | 2 |  2.3
Fighting       | |  2.2
Throwing       | |  2.0
Dodging        | |  2.7

Action                   |  1- 3 |  4- 6 |  7- 9 || total
-------------------------+-------+-------+-------++-------
Melee: Quarterstaff      |    96 |   199 |     4 ||   299
 Fire: Sling             |       |    10 |       ||    10
 Abil: Shaft Self        |     1 |     1 |       ||     2
  Use: Scroll            |       |    14 |       ||    14
       Potion            |       |     1 |       ||     1
Armor: Leather armour    |    29 |     4 |       ||    33
       Scale mail        |       |    75 |       ||    75
Dodge: Dodged            |    88 |    90 |     1 ||   179
Block: Kite shield       |       |    95 |     1 ||    96
